 Dungeon Crawl Stone Soup version 0.26-a0-639-g72c4674329 (webtiles) character file.

Game seed: 4535536742519857461

37 Lanoc the Sneak (level 3, -5/27 HPs)
             Began as an Octopode Delver on Sept 18, 2020.
             Killed from afar by an orc wizard (8 damage)
             ... with a magic dart
             ... on level 5 of the Dungeon.
             The game lasted 00:00:30 (82 turns).

Lanoc the Sneak (Octopode Delver)                     Turns: 82, Time: 00:00:30

Health: -5/27      AC:  1    Str: 11    XL:     3   Next: 41%
Magic:  3/3        EV: 14    Int: 12    God:
Gold:   0          SH:  0    Dex: 14    Spells: 2/2 levels left

rFire    . . .     SeeInvis .   a - +0 falchion
rCold    . . .     Faith    .   (no shield)
rNeg     . . .     Spirit   .   (helmet restricted)
rPois    .         Reflect  .   (no amulet)
rElec    .         Harm     .   (no ring)
rCorr    .         Rampage  .   (no ring)
MR       .....                  (no ring)
Stlth    ++++......             (no ring)
HPRegen  0.09/turn              (no ring)
MPRegen  0.08/turn              (no ring)
                                (no ring)
                                (no ring)

@: no status effects
A: almost no armour, stealthy swim, amphibious, 8 rings, constrict 8, camouflage
1, gelatinous body 1
a: no special abilities


You were on level 5 of the Dungeon.
You visited 1 branch of the dungeon, and saw 1 of its levels.

Inventory:

Hand Weapons
 a - a +0 falchion (weapon)
Magical Staves
 g - an uncursed staff of cold
Wands
 f - a wand of digging (3)
Scrolls
 b - a scroll of fog
 c - a scroll of magic mapping
 d - a scroll of fear
Potions
 e - a potion of haste
 h - a potion of invisibility {unknown}


   Skills:
 + Level 3.7 Fighting
 - Level 2.0 Long Blades
 + Level 3.0 Dodging
 - Level 6.6 Stealth


You had 2 spell levels left.
You didn't know any spells.
Your spell library was empty.

Dungeon Overview and Level Annotations

Branches:
Dungeon (5/15)
 Temple: D:4-7

Altars:


Innate Abilities, Weirdness & Mutations

You cannot wear most types of armour.
You are very stealthy in the water. (Stealth+)
You are amphibious.
You can wear up to eight rings at the same time.
You can use your tentacles to constrict eight enemies at once.
Your skin changes colour to match your surroundings (Stealth+).
Your rubbery body absorbs attacks. (AC +1, EV +1)


Message History

You hit the orc priest.
The orc priest is heavily wounded.
You constrict the orc priest. The orc priest completely misses you.
You hit the orc priest.
You kill the orc priest!
Your Dodging skill increases to level 3!
You have reached level 3!
Your experience leads to an increase in your attributes!
Increase (S)trength, (I)ntelligence, or (D)exterity?
You feel agile.
You closely miss the orc wizard. Your grab misses the orc wizard.
The orc wizard closely misses you.
You barely miss the orc wizard. Your grab misses the orc wizard.
Your squeeze misses the orc wizard. The orc wizard barely misses you.
The orc wizard hits you with a +0 dagger.
* * * LOW HITPOINT WARNING * * *
You closely miss the orc wizard. Your grab misses the orc wizard.
The orc wizard casts a spell at you. The magic dart hits you!
You die...

#.# #.# #.# #.#
#.#.# #.# #.#o# #.#
#.#o# #.#######
#.#.# #####.......#
#.#.#
.........##.####.#.#
#####...........@#.#
#.##.........o?#
...#####.########
##### #.# ..# ####


You could see an orc wizard.

Vanquished Creatures
  An orc priest (D:5)
  An ufetubus (D:5)
  An orc (D:5)
3 creatures vanquished.

Notes
Turn   | Place    | Note
-------+----------+-------------------------------------------
     0 | D:5      | Lanoc the Octopode Delver began the quest for the Orb.
     0 | D:5      | Reached XP level 1. HP: 16/16 MP: 1/1
     8 | D:5      | Noticed a necrophage
    13 | D:5      | Noticed a jelly
    61 | D:5      | Noticed an orc wizard
    61 | D:5      | Noticed an orc priest
    67 | D:5      | Reached XP level 2. HP: 16/21 MP: 2/2
    79 | D:5      | Reached XP level 3. HP: 9/27 MP: 3/3
    82 | D:5      | Killed from afar by an orc wizard

Illustrated notes

Levels and vault maps discovered:
D:5:      layout_loops_ring, minitemple, hangedman_decor_peaks_small

Skill      XL: |  1  2 |
---------------+-------+-----
Dodging        | 3 |  3.0
Fighting       | |  3.7
Long Blades    | |  2.0
Stealth        | |  6.6

Action                   || total
-------------------------++-------
Melee: Falchion          ||    12
       Tentacles         ||     3
       Constrict         ||     2
Dodge: Dodged            ||     7
       Rpst.: Falchion   ||     2

Table legend: (Time is in decaauts)
 A = Elapsed time spent in this place.
 B = Non-inter-level travel time spent in this place.
 C = Inter-level travel time spent in this place.
 D = Time resting spent in this place.
 E = Time spent auto-exploring this place.
 F = Levels seen in this place.
 G = Mean time per level.
                   A        B        C        D        E       F      G
               +--------+--------+--------+--------+--------+-----+--------+
         Total |     83 |     83 |      0 |      8 |     18 |   1 |   83.0 |
       Dungeon |     83 |     83 |      0 |      8 |     18 |   1 |   83.0 |
               +--------+--------+--------+--------+--------+-----+--------+

Top non-repeatable levels by time:
     D:5: 83 daAuts
